 Dungeon Crawl Stone Soup version 0.31-a0-818-ge7c7cf74f0 (webtiles) character file.

Game seed: 7255374376312168096

129294 quinnr the Stormcaller (level 17, -1/111 HPs)
             Began as a Tengu Air Elementalist on Sept 22, 2023.
             Was a High Priest of Vehumet.
             Slain by a meliai
             ... wielding a +0 war axe
              (12 damage)
             ... on level 2 of the Spider Nest.
             The game lasted 01:46:41 (51237 turns).

quinnr the Stormcaller (Tengu Air Elementalist)    Turns: 51237, Time: 01:46:41

Health: -1/111     AC:  5    Str: 10      XL:     17   Next: 5%
Magic:  0/32       EV: 25    Int: 20 (21) God:    Vehumet [*****.]
Gold:   1417       SH: 11    Dex: 19      Spells: 9/36 levels left

rFire   . . .        I - staff of air {!a}
rCold   . . .        M - +0 buckler
rNeg    . . .        R - +1 robe {Will+}
rPois   +            (helmet restricted)
rElec   +            G - +0 cloak
rCorr   .            y - +0 pair of gloves "Cumoehis" {Dex+3}
SInv    .            (boots unavailable)
Will    ++...        F - amulet of reflection
Stlth   ++++         z - ring of wizardry
HPRegen 0.38/turn    P - ring of poison resistance
MPRegen 0.23/turn

%: reflection, acrobat, wizardry (x1)
@: swift, flying, very quick
A: beak, talons 3, evasive flight, acrobatic
a: Renounce Religion


You were on level 2 of the Spider Nest.
You worshipped Vehumet.
Vehumet was extremely pleased with you.
You visited 6 branches of the dungeon, and saw 27 of its levels.

You collected 2599 gold pieces.
You spent 1182 gold pieces at shops.


Innate Abilities, Weirdness & Mutations

You have a beak for a mouth.
You have claws for feet.
Your magical flight helps you evade attacks. (EV +4)
You can magically evade attacks while moving or waiting.


   Skills:
 - Level 14.0 Fighting
 - Level 4.0 Armour
 + Level 14.0 Dodging
 - Level 9.0 Stealth
 - Level 4.0 Shields
 - Level 10.0 Spellcasting
 - Level 5.0 Conjurations
 - Level 4.0 Ice Magic
 - Level 20.0 Air Magic
 - Level 9.0 Poison Magic
 - Level 6.0 Evocations


You had 9 spell levels left.
You knew the following spells:

 Your Spells              Type           Power      Damage    Failure   Level
a - Airstrike             Air            47%        2d(7-23)  1%          4
f - Freezing Cloud        Conj/Ice/Air   32%        6-21      1%          5
i - Swiftness             Air            94%        N/A       0%          3
p - Poisonous Vapours     Pois/Air       100%       N/A       1%          2
t - Static Discharge      Conj/Air       100%       2-7/arc   1%          2
X - Conjure Ball Lightni  Conj/Air       37%        3x3d12    1%          6
Y - Arcjolt               Conj/Air       37%        1d47      1%          5

Your spell library contained the following spells:

 Spells                   Type           Power      Damage    Failure   Level
 Ozocubu's Refrigeration  Ice            13%        4d10      77%         7
 Sandblast                Erth           20%        2d7       1%          1
 Shock                    Conj/Air       100%       1d9       1%          1
 Cigotuvi's Dreadful Rot  Necr/Pois/Air  100%       N/A       1%          2
 Dazzling Flash           Conj/Hex       40%        N/A       1%          3
 Stone Arrow              Conj/Erth      40%        3d9       1%          3
 Silence                  Hex/Air        33%        N/A       1%          5
 Apportation              Tloc           20%        N/A       4%          1
 Necrotise                Necr           40%        1d6       4%          1
 Slow                     Hex            40%        N/A       4%          1
 Summon Small Mammal      Summ           40%        N/A       4%          1
 Brom's Barrelling Bould  Conj/Erth      20%        2d4       4%          4
 Iskenderun's Battlesphe  Conj           30%        2d8       4%          5
 Blink                    Tloc           20%        N/A       6%          2
 Lesser Beckoning         Tloc           20%        N/A       6%          2
 Passwall                 Tmut/Erth      8%         N/A       6%          2
 Sublimation of Blood     Necr           10%        N/A       6%          2
 Wereblood                Tmut           10%        N/A       6%          2
 Fireball                 Conj/Fire      10%        3d6       11%         5
 Call Canine Familiar     Summ           10%        N/A       12%         3
 Confusing Touch          Hex            10%        N/A       12%         3
 Gell's Gravitas          Tloc           10%        N/A       12%         3
 Sigil of Binding         Hex            10%        N/A       12%         3
 Summon Guardian Golem    Hex/Summ       10%        N/A       12%         3
 Teleport Other           Tloc           10%        N/A       12%         3
 Vampiric Draining        Necr           10%        2d6       12%         3
 Eringya's Noxious Bog    Tmut/Pois      14%        4d6       24%         6
 Lee's Rapid Deconstruct  Erth           5%         3d6*      26%         5
 Animate Dead             Necr           10%        N/A       34%         4
 Dispel Undead            Necr           10%        3d9       34%         4
 Leda's Liquefaction      Hex/Erth       5%         N/A       34%         4
 Manifold Assault         Tloc           10%        N/A       34%         4
 Bombard                  Conj/Erth      10%        9d2       43%         6
 Orb of Destruction       Conj           15%        9d7       65%         7
 Agony                    Necr           10%        N/A       69%         5
 Summon Forest            Summ/Tloc      5%         N/A       69%         5
 Spellforged Servitor     Conj/Summ      10%        N/A       90%         7
 Death Channel            Necr           5%         N/A       99%         6
 Haunt                    Necr/Summ      5%         N/A       100%        7
 Summon Hydra             Summ           5%         N/A       100%        7
 Infestation              Necr           5%         N/A       100%        8

Inventory:

Hand Weapons
 n - a +4 dagger of venom
Missiles
 Z - 2 throwing nets {=f}
Armour
 y - the +0 pair of gloves "Cumoehis" (worn) {Dex+3}
   (You acquired it on level 5 of the Lair of Beasts)

   Dex+3:     It affects your dexterity (+3).
 G - a +0 cloak (worn)
 H - an orb of light
 M - a +0 buckler (worn)
 Q - the +1 pair of gloves of Valour {Rampage Dex+3 Stlth-}
   (You found it on level 11 of the Dungeon)

   Dex+3:     It affects your dexterity (+3).
   Rampage:   It bestows one free step when moving towards enemies.
   Stlth-:    It makes you less stealthy.
 R - a +1 robe of willpower (worn)
Magical Staves
 c - a staff of cold {!a}
 I - a staff of air (weapon) {!a}
Jewellery
 j - an amulet of guardian spirit
 v - a ring of see invisible
 z - a ring of wizardry (left hand)
 C - a ring of protection from cold
 F - an amulet of reflection (around neck)
 N - a ring of positive energy
 P - a ring of poison resistance (right hand)
 T - a +4 ring of protection
Wands
 m - a wand of polymorph (15)
 u - a wand of light (13)
 D - a wand of charming (24)
 K - a wand of flame (3)
 O - a wand of roots (27)
Scrolls
 d - 2 scrolls of amnesia
 f - 5 scrolls of fear
 h - a scroll of poison
 k - 3 scrolls of noise
 o - 2 scrolls of blinking
 q - 4 scrolls of fog
 t - 2 scrolls of revelation
 w - 12 scrolls of teleportation {@r2}
 A - 4 scrolls of enchant armour
 B - a scroll of butterflies
 L - 2 scrolls of torment
 S - a scroll of silence {!r}
 V - 2 scrolls of vulnerability
 Y - 4 scrolls of immolation
Potions
 a - 2 potions of lignification
 b - 5 potions of magic
 e - 5 potions of mutation
 g - 3 potions of might
 i - 11 potions of curing {@q1}
 l - 3 potions of ambrosia
 p - 2 potions of attraction
 r - 3 potions of berserk rage {!q}
 s - 6 potions of heal wounds {@q2}
 x - 3 potions of degeneration
 E - 5 potions of enlightenment
 U - a potion of cancellation
 W - 5 potions of haste {@q3}
 X - a potion of resistance

Dungeon Overview and Level Annotations

Branches:
Dungeon (15/15)            Temple (1/1) D:7            Lair (5/5) D:11
 Shoals (2/4) Lair:3       Spider (2/4) Lair:3        Slime (0/5) Lair:5
    Orc (2/2) D:11            Elf (0/3) Orc:2        Vaults (0/5) D:14
 Depths (0/4) D:15

Altars:
Ashenzari
Cheibriados
Dithmenos
Elyvilon
Fedhas
Gozag
Hepliaklqana
Kikubaaqudgha
Makhleb
Nemelex Xobeh
Okawaru
Qazlal
Ru
Sif Muna
Trog
Vehumet
Wu Jian
Yredelemnul
Zin
The Shining One
Jiyva

Shops:
Orc:2 (=!*

Portals:
Trove: D:14 (give 15 scrolls of teleportation)

Annotations:
D:5 5 runed translucent doors, dynsetu's ghost, novice DESu
D:10 2 transporters, Wurlitzer's ghost, journeyman FoHu
D:11 exclusion: downstairs
Lair:5 obsidianvault, exclusion: obsidian statue
Shoals:1 Mlioglotl

......[.§.........#
^......<.†........##
....○..†.Z....y....###
!.....§.....#y.s.....##
.>.....^.$..#.........#
..Z...#...y.^..s.#....
...............s..##.
#....y#.>.....y...#
...$..........y@..#
.....#.......#
..........###
.#...#...^. .........#
.......#.. ........#
...#...##


You could see a sun moth, a ghost moth (invisible), a culicivora, a jumping
spider, a redback, 3 meliai and a jumping spider simulacrum.


Message History

Unknown command.
The jumping spider leaps!
You feel you are being watched by something.
You feel your power leaking away.
Unknown command.
The meliai mumbles some strange prayers to its god against you.
Something smites you!
* * * LOW HITPOINT WARNING * * *
You feel you are being watched by something.
A meliai comes into view.
It is wielding a +1 war axe of electrocution.
You feel you are being watched by something.
You feel your power leaking away.
A jumping spider simulacrum comes into view.
Unknown command.
Unknown command.
Unknown command.
Unknown command.
The meliai misses you. You block the meliai's attack.
A ghost moth comes into view.
You feel you are being watched by something.
You block the meliai's attack. The meliai stings you!
* * * LOW HITPOINT WARNING * * *
There is a stone staircase leading up here.
Unknown command.
Unknown command.
The meliai calls down the wrath of its god upon you.
Something smites you!
* * * LOW HITPOINT WARNING * * *
The meliai hits you with a +0 war axe!
You die...

Skill      XL: |  1  2  3  4  5  6  7  8  9 10 11 12 13 14 15 16 17 |
---------------+----------------------------------------------------+-----
Air Magic      | 5 6 7 9 10 11 12 13 15 16 20 | 20.0
Fighting       | 1 4 6 7 9 10 11 14 | 14.0
Spellcasting   | 3 4 5 9 10 | 10.0
Conjurations   | 2 4 5 |  5.0
Dodging        | 5 7 9 10 12 14 | 14.0
Stealth        | 5 7 9 |  9.0
Evocations     | 1 5 6 |  6.0
Armour         | 2 4 |  4.0
Poison Magic   | 3 6 8 9 |  9.0
Shields        | 4 |  4.0
Ice Magic      | 4 |  4.0

Action                     |  1- 3 |  4- 6 |  7- 9 | 10-12 | 13-15 | 16-18 || total
---------------------------+-------+-------+-------+-------+-------+-------++-------
  Melee: Unarmed           |     7 |       |       |       |       |       ||     7
         Kick              |     2 |     1 |    12 |    49 |    19 |     6 ||    89
         Peck              |     2 |       |     7 |    30 |    13 |     5 ||    57
         Staff             |       |     2 |    30 |    20 |    43 |    14 ||   109
         Dagger            |       |       |     6 |    68 |       |       ||    74
         Punch             |       |       |       |     3 |       |       ||     3
   Cast: Shock             |    67 |   110 |   143 |   194 |    91 |       ||   605
         Airstrike         |       |       |    62 |   269 |   417 |    98 ||   846
         Static Discharge  |       |       |     2 |    51 |    51 |       ||   104
         Swiftness         |       |       |     2 |     6 |    18 |     6 ||    32
         Poisonous Vapours |       |       |       |    17 |   207 |    62 ||   286
         Conjure Ball Ligh |       |       |       |       |   106 |    50 ||   156
         Arcjolt           |       |       |       |       |    10 |    12 ||    22
         Freezing Cloud    |       |       |       |       |     6 |    19 ||    25
  Evoke: Wand              |       |       |     5 |    16 |     6 |     8 ||    35
    Use: Potion            |     2 |       |       |     1 |       |       ||     3
         Scroll            |     1 |     2 |     2 |     9 |    18 |     3 ||    35
   Stab: Sleeping          |       |       |       |       |     1 |       ||     1
 Armour: Robe              |     5 |    16 |    43 |    48 |   293 |   129 ||   534
         Skin              |     4 |       |       |       |       |       ||     4
         Leather armour    |       |       |       |   106 |       |       ||   106
  Dodge: Dodged            |     9 |    19 |    63 |   346 |   305 |    98 ||   840
  Block: Buckler           |       |       |       |       |    98 |    66 ||   164
         Reflection        |       |       |       |       |    17 |     8 ||    25

Levels and vault maps discovered:
D:1:      tarquinn_simple_flora_water_b, layout_loops_ring,
          shapermc_ecumenical_altar_mp_ritualfount
D:2:      layout_loops_ring, st_stairs_7, uniq_robin
D:3:      layout_basic, mainiacjoe_overflow_small_starburst, minmay_distorted
D:4:      layout_rooms, mainiacjoe_overflow_paths
D:5:      layout_basic, nicolae_yredelemnul_ghost_church, jmf_multi_god_temple2,
          minmay_door_square, uniq_blork_the_orc, uniq_pikel, uniq_duvessa
D:6:      layout_loops_ring, nicolae_wu_jian_immortal_techniques,
          nicolae_ru_awakened_eye, uniq_menkaure
D:7:      layout_layer_cave, kennysheep_okawaru_gauntlet,
          minmay_temple_entry_arrows, hangedman_abyss_or_decor_passed,
          minmay_stone_trees_medium, uniq_maggie
D:8:      layout_loops_ring, old_standard_altar, reono_crystal_passage,
          kennysheep_generic_room_6
D:9:      layout_loops_cross, slow_altar_2, chequers_serial_rivers_micro_d
D:10:     layout_long_grid, lemuel_coloured_pillars_altar,
          gammafunk_ghost_arena, uniq_maurice
D:11:     layout_rooms, due_lair_maze_entry_diamond, david_orc_2, uniq_josephine
D:12:     layout_long_grid, uniq_fannar, uniq_nessos
D:13:     layout_stronghold, serial_bayou, serial_bayou_crossing,
          serial_bayou_lagoon_a, serial_bayou_shore_b, serial_bayou_pond_e,
          serial_bayou_pond_e, grunt_ministairs_6
D:14:     dreamdust_cave_troll, layout_basic, grunt_vaults_entry_fortified,
          nicolae_trove_entry_free_sample, serial_bayou_pond_c
D:15:     grunt_enter_depths_giant_problem, layout_loops_ring,
          nicolae_concentric_dashed_squares_mild
Temple:   nicolae_temple_ecumenical_triangle
Lair:1:   layout_regular_city, wad_woods_river_01, grunt_megastairs_5
Lair:2:   layout_chaotic_city, dreamdust_mushroom_princess, roderic_batcave,
          serial_bayou_shore_b
Lair:3:   layout_cave_pods, nicolae_shoals_entry_roost, spider_nest_entry_a,
          serial_bayou_shore_b, uniq_amaemon
Lair:4:   layout_regular_city, uniq_sonja
Lair:5:   due_jungle_book, layout_gridlike, minmay_slime_entry_pillars
Shoals:1: layout_shoals, nicolae_shoals_the_drawing_of_the_three, uniq_mlioglotl
Shoals:2: layout_shoals, ldierk_geyser
Spider:1: layout_spider_delve, uniq_louise
Spider:2: layout_spider_delve, hangedman_spider_tarantella_strand
Orc:1:    layout_caves, basic_altar
Orc:2:    st_orc_town, layout_caves

Notes
Turn   | Place    | Note
-------+----------+-------------------------------------------
     0 | D:1      | quinnr the Tengu Air Elementalist began the quest for the
                  | Orb.
     0 | D:1      | Reached XP level 1. HP: 10/10 MP: 4/4
   276 | D:1      | Reached XP level 2. HP: 15/15 MP: 4/6
   351 | D:1      | Found a faded altar of an unknown god.
   445 | D:1      | Reached skill level 5 in Air Magic
   542 | D:1      | Reached XP level 3. HP: 19/19 MP: 0/7
  1091 | D:2      | Reached skill level 6 in Air Magic
  1251 | D:2      | Noticed Robin
  1384 | D:2      | Reached XP level 4. HP: 24/24 MP: 4/8
  1695 | D:2      | Killed Robin
  1789 | D:2      | Reached skill level 7 in Air Magic
  2297 | D:3      | Reached skill level 1 in Fighting
  2367 | D:3      | Found a glowing golden altar of the Shining One.
  2556 | D:3      | Reached XP level 5. HP: 23/29 MP: 5/9
  2665 | D:3      | Reached skill level 2 in Fighting
  3435 | D:4      | Noticed a black bear
  3539 | D:4      | Reached skill level 3 in Fighting
  3643 | D:4      | Noticed a black bear
  3661 | D:4      | Killed a black bear
  3662 | D:4      | Reached skill level 4 in Fighting
  3662 | D:4      | Reached XP level 6. HP: 25/38 MP: 3/10
  3783 | D:4      | Reached skill level 3 in Spellcasting
  3915 | D:4      | Killed a black bear
  3916 | D:4      | Gained mutation: Your magical flight helps you evade
                  | attacks. (EV +4) [Tengu growth]
  3916 | D:4      | Reached XP level 7. HP: 24/43 MP: 5/13
  4146 | D:4      | Found a glowing silver altar of Zin.
  4244 | D:5      | Entered Level 5 of the Dungeon
  4288 | D:5      | Reached skill level 4 in Spellcasting
  4288 | D:5      | Reached skill level 2 in Conjurations
  4423 | D:5      | Reached skill level 8 in Air Magic
  4428 | D:5      | Learned a level 4 spell: Airstrike
  4432 | D:5      | Learned a level 3 spell: Swiftness
  4542 | D:5      | Noticed Blork the orc
  4548 | D:5      | Killed Blork the orc
  4751 | D:5      | Reached skill level 9 in Air Magic
  4807 | D:5      | Found a large runed translucent door.
  4808 | D:5      | Found a large runed translucent door.
  4957 | D:5      | Reached XP level 8. HP: 48/48 MP: 0/16
  5081 | D:5      | Reached skill level 5 in Spellcasting
  5160 | D:5      | Reached skill level 3 in Dodging
  5302 | D:5      | Found a runed translucent gate.
  5302 | D:5      | Found a runed translucent gate.
  5302 | D:5      | Found a runed translucent gate.
  5302 | D:5      | Noticed dynsetu's ghost (novice DESu)
  5304 | D:5      | Found a basalt altar of Yredelemnul.
  5319 | D:5      | Reached skill level 3 in Stealth
  5467 | D:5      | Noticed Pikel
  5474 | D:5      | Killed Pikel
  5475 | D:5      | Reached skill level 5 in Dodging
  5475 | D:5      | Reached skill level 5 in Stealth
  5677 | D:5      | Reached skill level 1 in Evocations
  5718 | D:5      | Noticed Dowan
  5732 | D:5      | Killed Dowan
  5733 | D:5      | Reached XP level 9. HP: 50/52 MP: 8/17
  5820 | D:5      | Noticed Duvessa
  5833 | D:5      | Duvessa changed into Duvessa the bullfrog
  5833 | D:5      | Noticed Duvessa
  5849 | D:5      | Killed Duvessa the bullfrog
  5850 | D:5      | Reached skill level 2 in Evocations
  6685 | D:6      | Noticed Menkaure
  6700 | D:6      | Killed Menkaure
  6701 | D:6      | Reached skill level 3 in Evocations
  6823 | D:6      | Found an ornate altar of the Wu Jian Council.
  6855 | D:6      | Reached skill level 10 in Air Magic
  7363 | D:6      | Found a sacrificial altar of Ru.
  7562 | D:6      | Reached skill level 4 in Evocations
  7966 | D:7      | Reached skill level 5 in Evocations
  8100 | D:7      | Found a staircase to the Ecumenical Temple.
  8117 | Temple   | Entered the Ecumenical Temple
  8130 | Temple   | Became a worshipper of Vehumet
  8243 | D:7      | Reached skill level 5 in Fighting
  8451 | D:7      | Noticed Maggie
  8553 | D:7      | Found an iron altar of Okawaru.
  8566 | D:7      | Killed Maggie
  8567 | D:7      | Reached skill level 6 in Fighting
  8747 | D:7      | Learned a level 2 spell: Static Discharge
  8969 | D:8      | Found a bloodstained altar of Trog.
  8991 | D:8      | Reached XP level 10. HP: 57/61 MP: 3/18
 10221 | D:8      | Reached * piety under Vehumet
 10221 | D:8      | Offered knowledge of Foxfire by Vehumet.
 10711 | D:8      | Reached skill level 7 in Fighting
 10886 | D:9      | Reached skill level 6 in Dodging
 10886 | D:9      | Reached skill level 6 in Stealth
 11282 | D:9      | Reached skill level 11 in Air Magic
 11711 | D:9      | Found a snail-covered altar of Cheibriados.
 12266 | D:10     | Entered Level 10 of the Dungeon
 12323 | D:10     | Reached skill level 1 in Armour
 12643 | D:10     | Reached skill level 2 in Armour
 12896 | D:10     | Noticed Maurice
 12901 | D:10     | Maurice stole a ring of wizardry
 12903 | D:10     | Killed Maurice
 13071 | D:10     | Found a transporter.
 13112 | D:10     | Found a transporter.
 13115 | D:10     | Noticed an ogre mage
 13116 | D:10     | Noticed Wurlitzer's ghost (journeyman FoHu)
 13293 | D:10     | Reached skill level 7 in Stealth
 13374 | D:10     | Reached skill level 7 in Dodging
 13374 | D:10     | Reached XP level 11. HP: 68/68 MP: 6/19
 13430 | D:10     | HP: 6/68 [yak (9)]
 13435 | D:10     | HP: 1/68 [yak (13)]
 13797 | D:10     | Reached skill level 8 in Fighting
 13797 | D:10     | Reached skill level 3 in Armour
 14108 | D:10     | Found a blossoming altar of Fedhas.
 14223 | D:10     | Identified the +2 long sword of Alepsusi {venom, *Rage
                  | rPois rN+}
 14733 | D:11     | Noticed a cyclops
 14910 | D:10     | HP: 6/68 [poisoned by a gnoll sergeant]
 14911 | D:10     | Reached skill level 12 in Air Magic
 15166 | D:10     | Killed a cyclops
 15166 | D:10     | Reached ** piety under Vehumet
 15166 | D:10     | Offered knowledge of Poisonous Vapours by Vehumet.
 15405 | D:11     | Reached skill level 4 in Armour
 15410 | D:11     | Noticed a boulder beetle
 16383 | D:11     | Reached skill level 8 in Dodging
 16600 | D:11     | Reached skill level 8 in Stealth
 17507 | D:11     | Found a staircase to the Orcish Mines.
 17565 | D:11     | Reached skill level 9 in Fighting
 17950 | D:11     | Noticed a two-headed ogre
 17976 | D:11     | Killed a two-headed ogre
 17977 | D:11     | Reached skill level 9 in Dodging
 17977 | D:11     | Reached skill level 9 in Stealth
 17980 | D:11     | Learned a level 2 spell: Poisonous Vapours
 18111 | D:11     | Noticed Josephine
 18123 | D:11     | Killed Josephine
 18373 | D:11     | Offered knowledge of Volatile Blastmotes by Vehumet.
 18376 | D:11     | Reached XP level 12. HP: 76/76 MP: 12/20
 18657 | D:11     | Found a staircase to the Lair.
 18846 | D:11     | Reached *** piety under Vehumet
 19445 | D:11     | Identified the +1 pair of gloves of Valour {Rampage Dex+3
                  | Stlth-}
 19493 | D:12     | Reached skill level 6 in Spellcasting
 19493 | D:12     | Reached skill level 6 in Evocations
 19965 | D:12     | Reached skill level 13 in Air Magic
 20085 | D:12     | Noticed a two-headed ogre
 20089 | D:12     | Killed a two-headed ogre
 20237 | D:12     | Noticed Fannar
 20898 | D:11     | Reached skill level 7 in Spellcasting
 21041 | D:12     | Noticed a boulder beetle
 21127 | Lair:1   | Entered Level 1 of the Lair of Beasts
 21405 | Lair:1   | Reached skill level 8 in Spellcasting
 21734 | Lair:1   | Offered knowledge of Sticky Flame by Vehumet.
 21858 | Lair:1   | Reached skill level 9 in Spellcasting
 22457 | Lair:1   | Reached skill level 10 in Fighting
 22695 | Lair:1   | Reached XP level 13. HP: 57/82 MP: 5/27
 23335 | Lair:2   | Identified a potion of resistance
 23978 | Lair:2   | Reached **** piety under Vehumet
 24201 | Lair:3   | Found a hole to the Spider Nest.
 24492 | Lair:3   | Reached skill level 11 in Fighting
 24492 | Lair:3   | Reached skill level 10 in Spellcasting
 24572 | Lair:3   | Found a staircase to the Shoals.
 25038 | Lair:3   | Offered knowledge of Irradiate by Vehumet.
 25575 | Lair:3   | Noticed Amaemon
 25596 | Lair:3   | Killed Amaemon
 25597 | Lair:3   | Reached skill level 14 in Air Magic
 25789 | Lair:3   | Reached skill level 1 in Poison Magic
 26604 | Lair:4   | Reached skill level 2 in Poison Magic
 27109 | Lair:4   | Noticed Sonja
 27121 | Lair:4   | Killed Sonja
 27328 | Lair:4   | Reached skill level 3 in Poison Magic
 27867 | Lair:4   | Reached skill level 10 in Dodging
 27867 | Lair:4   | Reached skill level 15 in Air Magic
 28320 | Lair:4   | Reached XP level 14. HP: 60/90 MP: 17/29
 28818 | Lair:4   | Reached skill level 4 in Poison Magic
 28990 | Lair:5   | Entered Level 5 of the Lair of Beasts
 29457 | Lair:5   | Reached skill level 1 in Shields
 29796 | Lair:5   | Reached ***** piety under Vehumet
 29796 | Lair:5   | Offered knowledge of Conjure Ball Lightning by Vehumet.
 29966 | Lair:5   | Reached skill level 11 in Dodging
 29982 | Lair:5   | Reached skill level 2 in Shields
 29995 | Lair:5   | Learned a level 6 spell: Conjure Ball Lightning
 30330 | Lair:5   | Found a viscous altar of Jiyva.
 30336 | Lair:5   | Found a staircase to the Slime Pits.
 30657 | Lair:5   | Reached skill level 16 in Air Magic
 30991 | Lair:5   | Found a viscous altar of Jiyva.
 30991 | Lair:5   | Found a staircase to the Slime Pits.
 31158 | Lair:5   | Noticed a dire elephant
 31158 | Lair:5   | Noticed a dire elephant
 31277 | Lair:5   | Reached skill level 5 in Poison Magic
 31657 | Lair:5   | Reached skill level 3 in Shields
 32316 | Lair:5   | Identified the +0 helmet of Absolutism {rF+}
 32320 | Lair:5   | Identified a scroll of acquirement
 32320 | Lair:5   | Acquired a staff of air
 33155 | Lair:5   | Killed a dire elephant
 33156 | Lair:5   | Reached skill level 4 in Shields
 33313 | Lair:5   | Acquired the +0 pair of gloves "Cumoehis" {Dex+3}
 33619 | Orc:1    | Entered Level 1 of the Orcish Mines
 33625 | Orc:1    | Noticed an orc warlord
 33709 | D:11     | Reached skill level 6 in Poison Magic
 34007 | D:10     | Found a transporter.
 34096 | D:11     | Killed an orc warlord
 34097 | D:11     | Reached skill level 12 in Dodging
 34699 | Orc:1    | Offered knowledge of Starburst by Vehumet.
 35132 | Orc:2    | Entered Level 2 of the Orcish Mines
 36202 | Orc:2    | Offered knowledge of Arcjolt by Vehumet.
 36408 | Orc:2    | Reached XP level 15. HP: 86/96 MP: 11/30
 36649 | Orc:2    | Reached skill level 13 in Dodging
 36660 | Orc:2    | Reached skill level 12 in Fighting
 37662 | Orc:2    | Found Qiogroife's Assorted Antiques.
 37662 | Orc:2    | Found Filoddeu's Distillery.
 37667 | Orc:2    | Bought a scroll labelled OKLOBA XOERI for 34 gold pieces
 37684 | Orc:2    | Bought a potion of heal wounds for 70 gold pieces
 37684 | Orc:2    | Bought a potion of lignification for 42 gold pieces
 37684 | Orc:2    | Bought a potion of enlightenment for 70 gold pieces
 37716 | Orc:2    | Found Umuch's Jewellery Boutique.
 37716 | Orc:2    | Found Hus Nuarhuos's Weapon Shoppe.
 37748 | Orc:2    | Found a staircase to the Elven Halls.
 37936 | Orc:2    | Bought a ring of poison resistance for 300 gold pieces
 37971 | Orc:2    | Bought a potion of curing for 42 gold pieces
 37971 | Orc:2    | Bought a potion of haste for 140 gold pieces
 37971 | Orc:2    | Bought a potion of curing for 42 gold pieces
 37980 | Orc:2    | Bought a potion of curing for 102 gold pieces
 37980 | Orc:2    | Bought a potion of haste for 340 gold pieces
 38944 | D:11     | Killed Fannar
 39067 | D:12     | Noticed Nessos
 39079 | D:12     | Killed Nessos
 40485 | D:13     | Learned a level 5 spell: Arcjolt
 41153 | D:13     | Reached skill level 14 in Dodging
 41377 | D:13     | Reached skill level 13 in Fighting
 41904 | D:14     | Offered knowledge of Freezing Cloud by Vehumet.
 42901 | D:14     | Reached skill level 14 in Fighting
 43103 | D:14     | Learned a level 5 spell: Freezing Cloud
 43293 | D:14     | Reached skill level 1 in Ice Magic
 43297 | D:14     | Reached skill level 3 in Conjurations
 43556 | D:14     | Reached skill level 4 in Conjurations
 43556 | D:14     | Reached skill level 2 in Ice Magic
 43745 | D:14     | Reached skill level 3 in Ice Magic
 43753 | D:14     | Found a portal to a secret trove of treasure.
 43821 | D:14     | Paralysed by an ogre mage for 4 turns
 43954 | D:14     | Found a gate to the Vaults.
 44101 | D:15     | Entered Level 15 of the Dungeon
 44143 | D:15     | Reached skill level 4 in Ice Magic
 44542 | D:15     | Reached XP level 16. HP: 87/106 MP: 24/31
 44935 | D:15     | Reached skill level 17 in Air Magic
 45039 | D:15     | Found a staircase to the Depths.
 46263 | Shoals:1 | Entered Level 1 of the Shoals
 46557 | Shoals:1 | Reached skill level 18 in Air Magic
 47085 | Shoals:1 | Noticed Mlioglotl
 47302 | Shoals:1 | Noticed a bone dragon
 48016 | Shoals:2 | Reached skill level 19 in Air Magic
 48813 | Shoals:2 | Offered knowledge of Ozocubu's Refrigeration by Vehumet.
 49098 | Spider:1 | Entered Level 1 of the Spider Nest
 49415 | Spider:1 | Reached skill level 20 in Air Magic
 49732 | Spider:1 | Reached skill level 5 in Conjurations
 50284 | Spider:1 | Reached skill level 7 in Poison Magic
 50679 | Spider:1 | Reached skill level 8 in Poison Magic
 50681 | Spider:1 | Noticed Louise
 50690 | Spider:1 | Killed Louise
 50836 | Spider:1 | Reached XP level 17. HP: 63/111 MP: 7/32
 51229 | Spider:2 | Reached skill level 9 in Poison Magic
 51237 | Spider:2 | HP: 11/111 [meliai/divine providence (9)]
 51237 | Spider:2 | Slain by a meliai

Vanquished Creatures
  Louise (Spider:1)
  A ghost moth (Spider:1)
  An orc warlord (D:11)
  Nessos (D:12)
  A stone giant (D:15)
  A dire elephant (Lair:5)
  A spark wasp (Spider:1)
  2 merfolk impalers
  2 merfolk javelineers (Shoals:2)
  Josephine (D:11)
  5 vault guards (D:14)
  5 hydras
  Fannar (D:11)
  A death knight (D:14)
  2 ogre magi
  2 merfolk avatars
  2 alligator snapping turtles (Shoals:2)
  A jorogumo (Spider:1)
  11 two-headed ogres
  5 boulder beetles
  5 centaur warriors
  9 death yaks
  4 demonic crawlers
  9 orc high priests (Orc:2)
  Sonja (Lair:4)
  2 skysharks
  2 pharaoh ants
  3 skeletal warriors
  6 sea snakes
  Amaemon (Lair:3)
  A spectral anaconda (Lair:5)
  A spectral death yak (Lair:5)
  Pikel (D:5)
  A lindwurm (Lair:4)
  A wizard (D:15)
  An orb spider (Spider:1)
  A swamp dragon (shapeshifter) (D:15)
  2 deep elf pyromancers
  3 phantasmal warriors (D:14)
  3 wolf spiders (Spider:1)
  3 harpies (Lair:3)
  6 fauns
  4 necromancers (Lair:5)
  2 orc knights
  2 orc sorcerers
  10 ugly things (D:14)
  2 manticores
  6 cyclopes
  6 elephants
  3 black mambas
  A moth of wrath (Spider:1)
  Maurice (D:10)
  3 merfolk sirens
  12 cane toads
  An orange demon (Lair:3)
  An unseen horror (D:10)
  Maggie (D:7)
  2 dire elephant skeletons (Lair:5)
  An unseen horror (shapeshifter) (D:13)
  A yaktaur (D:14)
  3 rime drakes
  2 tengu conjurers (D:14)
  3 kobold demonologists (D:13)
  7 komodo dragons
  3 meliai (Spider:1)
  2 polar bears
  A wind drake (Shoals:1)
  10 merfolk
  5 trolls
  4 snapping turtles (Shoals:1)
  8 tarantellas (Spider:1)
  A spectral elephant (Lair:5)
  14 blink frogs
  9 jumping spiders
  4 dream sheep (Lair:5)
  10 slime creatures
  5 culicivoras
  A vampire (D:11)
  38 yaks
  2 water elementals
  3 wyverns
  5 basilisks
  4 wraiths
  22 redbacks
  2 death yak simulacra (Lair:5)
  2 spectral cane toads (Lair:5)
  6 vampire mosquitoes
  Menkaure (D:6)
  11 wargs
  3 acid dragons
  17 water moccasins
  24 orc warriors
  An elephant zombie (Lair:5)
  3 ice beasts
  6 black bears
  24 wolves
  12 ogres
  17 centaurs
  A lemure (D:5)
  A phantom (D:5)
  Blork the orc (D:5)
  4 kobold brigands
  14 bullfrogs
  3 scorpions
  A gnoll sergeant (D:11)
  A cane toad simulacrum (Lair:5)
  A water moccasin zombie (D:5)
  7 wights
  Dowan (D:5)
  16 killer bees
  2 electric eels (D:13)
  2 vampire bats (Lair:2)
  6 howler monkeys
  3 hounds
  4 jellies
  30 orc priests
  2 gnoll boudas (D:8)
  5 iguanas
  3 sleepcaps
  18 orc wizards
  A boggart simulacrum (D:14)
  Robin (D:2)
  A howler monkey zombie (D:5)
  9 adders
  10 gnolls
  A shadow imp (D:6)
  5 white imps
  2 worms
  4 dart slugs
  101 orcs
  7 endoplasms
  3 giant cockroaches
  12 goblins
  11 hobgoblins
  5 jackals
  15 kobolds
  4 quokkas
  2 ball pythons
  10 bats
  A frilled lizard (D:3)
  8 rats
  A ball lightning (D:13)
807 creatures vanquished.

Vanquished Creatures (collateral kills)
  An elephant (Lair:1)
  9 ball lightnings
10 creatures vanquished.

Vanquished Creatures (others)
  An elephant (Lair:1)
  372 ball lightnings
373 creatures vanquished.

Grand Total: 1190 creatures vanquished

Table legend: (Time is in decaauts)
 A = Elapsed time spent in this place.
 B = Non-inter-level travel time spent in this place.
 C = Inter-level travel time spent in this place.
 D = Time resting spent in this place.
 E = Time spent auto-exploring this place.
 F = Levels seen in this place.
 G = Mean time per level.
                   A        B        C        D        E       F      G
               +--------+--------+--------+--------+--------+-----+--------+
         Total |  51289 |  49018 |   2271 |  12800 |  28285 |  27 | 1899.6 |
       Dungeon |  30275 |  28556 |   1719 |   7390 |  16895 |  15 | 2018.3 |
        Temple |     26 |     13 |     13 |      0 |      0 |   1 |   26.0 |
          Lair |  13914 |  13576 |    338 |   3119 |   8229 |   5 | 2782.8 |
        Shoals |   2672 |   2670 |      2 |   1059 |    955 |   2 | 1336.0 |
   Spider Nest |   1032 |    985 |     47 |      4 |    696 |   2 |  516.0 |
  Orcish Mines |   3367 |   3217 |    150 |   1228 |   1510 |   2 | 1683.5 |
               +--------+--------+--------+--------+--------+-----+--------+

Top non-repeatable levels by time:
    D:10: 4417 daAuts
    D:11: 4280 daAuts
  Lair:5: 4212 daAuts
  Lair:3: 3777 daAuts
    D:14: 2742 daAuts
  Lair:4: 2654 daAuts
    D:13: 2411 daAuts
     D:9: 2340 daAuts
  Lair:1: 2292 daAuts
     D:8: 1937 daAuts
     D:7: 1868 daAuts
   Orc:1: 1823 daAuts
     D:5: 1821 daAuts
   Orc:2: 1544 daAuts
Shoals:1: 1523 daAuts

Table legend:
 A = Non-vault XP
 B = Vault XP
 C = Vault XP percentage of total XP
 D = Non-vault monster count
 E = Vault monster count
 F = Vault count percentage of total count
                 A         B        C        D         E       F
            +---------+---------+-------+---------+---------+-------
      Total |  140109 |   44597 |  24.1 |     617 |     189 |  23.4
            +---------+---------+-------+---------+---------+-------
        D:1 |      43 |       2 |   4.4 |      17 |       1 |   5.6
        D:2 |      66 |      35 |  34.7 |      21 |      12 |  36.4
        D:3 |     103 |      16 |  13.4 |      13 |       3 |  18.8
        D:4 |     391 |       0 |   0.0 |      10 |       0 |   0.0
        D:5 |     852 |    1030 |  54.7 |      22 |       6 |  21.4
        D:6 |     503 |     169 |  25.1 |      18 |       1 |   5.3
        D:7 |    1339 |     398 |  22.9 |      22 |       3 |  12.0
        D:8 |    1452 |      53 |   3.5 |      30 |       2 |   6.2
        D:9 |    2054 |       5 |   0.2 |      23 |       1 |   4.2
       D:10 |    5559 |     771 |  12.2 |      27 |       3 |  10.0
       D:11 |    7791 |    4029 |  34.1 |      40 |      20 |  33.3
       D:12 |    4359 |    1061 |  19.6 |      10 |       1 |   9.1
       D:13 |    7754 |    2209 |  22.2 |      31 |       7 |  18.4
       D:14 |   12260 |    6481 |  34.6 |      23 |      10 |  30.3
       D:15 |   11956 |    1023 |   7.9 |      23 |       1 |   4.2
     Lair:1 |    5867 |    2972 |  33.6 |      22 |      12 |  35.3
     Lair:2 |    1514 |     118 |   7.2 |       9 |       8 |  47.1
     Lair:3 |    7967 |    3045 |  27.7 |      25 |       5 |  16.7
     Lair:4 |   12781 |    1002 |   7.3 |      37 |       2 |   5.1
     Lair:5 |    6899 |    9429 |  57.7 |      24 |      23 |  48.9
   Shoals:1 |   10434 |    1045 |   9.1 |      20 |       4 |  16.7
   Shoals:2 |   11964 |       0 |   0.0 |      19 |       0 |   0.0
   Spider:1 |   17012 |    1199 |   6.6 |      50 |       1 |   2.0
   Spider:2 |    2711 |       0 |   0.0 |       8 |       0 |   0.0
      Orc:1 |     913 |     164 |  15.2 |      20 |       3 |  13.0
      Orc:2 |    5565 |    8341 |  60.0 |      53 |      60 |  53.1
            +---------+---------+-------+---------+---------+-------

Levels and vault maps discovered:
D:1:      tarquinn_simple_flora_water_b, layout_loops_ring,
          shapermc_ecumenical_altar_mp_ritualfount
D:2:      layout_loops_ring, st_stairs_7, uniq_robin
D:3:      layout_basic, mainiacjoe_overflow_small_starburst, minmay_distorted
D:4:      layout_rooms, mainiacjoe_overflow_paths
D:5:      layout_basic, nicolae_yredelemnul_ghost_church, jmf_multi_god_temple2,
          minmay_door_square, uniq_blork_the_orc, uniq_pikel, uniq_duvessa
D:6:      layout_loops_ring, nicolae_wu_jian_immortal_techniques,
          nicolae_ru_awakened_eye, uniq_menkaure
D:7:      layout_layer_cave, kennysheep_okawaru_gauntlet,
          minmay_temple_entry_arrows, hangedman_abyss_or_decor_passed,
          minmay_stone_trees_medium, uniq_maggie
D:8:      layout_loops_ring, old_standard_altar, reono_crystal_passage,
          kennysheep_generic_room_6
D:9:      layout_loops_cross, slow_altar_2, chequers_serial_rivers_micro_d
D:10:     layout_long_grid, lemuel_coloured_pillars_altar,
          gammafunk_ghost_arena, uniq_maurice
D:11:     layout_rooms, due_lair_maze_entry_diamond, david_orc_2, uniq_josephine
D:12:     layout_long_grid, uniq_fannar, uniq_nessos
D:13:     layout_stronghold, serial_bayou, serial_bayou_crossing,
          serial_bayou_lagoon_a, serial_bayou_shore_b, serial_bayou_pond_e,
          serial_bayou_pond_e, grunt_ministairs_6
D:14:     dreamdust_cave_troll, layout_basic, grunt_vaults_entry_fortified,
          nicolae_trove_entry_free_sample, serial_bayou_pond_c
D:15:     grunt_enter_depths_giant_problem, layout_loops_ring,
          nicolae_concentric_dashed_squares_mild
Temple:   nicolae_temple_ecumenical_triangle
Lair:1:   layout_regular_city, wad_woods_river_01, grunt_megastairs_5
Lair:2:   layout_chaotic_city, dreamdust_mushroom_princess, roderic_batcave,
          serial_bayou_shore_b
Lair:3:   layout_cave_pods, nicolae_shoals_entry_roost, spider_nest_entry_a,
          serial_bayou_shore_b, uniq_amaemon
Lair:4:   layout_regular_city, uniq_sonja
Lair:5:   due_jungle_book, layout_gridlike, minmay_slime_entry_pillars
Shoals:1: layout_shoals, nicolae_shoals_the_drawing_of_the_three, uniq_mlioglotl
Shoals:2: layout_shoals, ldierk_geyser
Spider:1: layout_spider_delve, uniq_louise
Spider:2: layout_spider_delve, hangedman_spider_tarantella_strand
Orc:1:    layout_caves, basic_altar
Orc:2:    st_orc_town, layout_caves
